 Dungeon Crawl Stone Soup version 0.29.0-4-gdea44cf6ec (webtiles) character file.

Game seed: 5091678858563911384

242659 qw the Peltast (level 19, 0/277 HPs)
             Began as a Minotaur Berserker on Sept 4, 2022.
             Was a High Priest of Trog.
             Succumbed to a vault warden's poison
             ... on level 2 of the Vaults.
             The game lasted 00:16:03 (41462 turns).

qw the Peltast (Minotaur Berserker)                Turns: 41462, Time: 00:16:04

Health: 0/277      AC: 40    Str: 23    XL:     19   Next: 10%
Magic:  18/18      EV: 14    Int: 11    God:    Trog [*****.]
Gold:   1785       SH: 28    Dex: 21    Spells: 18/18 levels left

rFire   + . .      SeeInvis .   r - +9 broad axe "Feluirai" {vorpal, rF+ Will+ rCorr Stlth-}
rCold   + + .      Faith    .   B - +0 tower shield
rNeg    + . .      Spirit   .   E - +5 plate armour {rC+}
rPois   +          Reflect  +   v - +1 hat "Omisec" {rN+ Dex+2}
rElec   +          Harm     .   e - +2 cloak
rCorr   +          Rampage  .   b - +2 pair of gloves "Tuihuraf" {Int+7 Dex+7}
Will    ++...                   k - +2 pair of boots
Stlth   ..........              x - amulet of reflection
HPRegen 0.56/turn               g - ring of Abokh {rElec rPois rC+ Str-5}
MPRegen 0.16/turn               a - +4 ring of protection

@: berserking (expiring), lethally poisoned (0 -> -1), very quick
A: horns 2, retaliatory headbutt
}: 1/15 runes: gossamer
a: Renounce Religion, Berserk, Trog's Hand, Brothers in Arms


You were on level 2 of the Vaults.
You worshipped Trog.
Trog was extremely pleased with you.
You visited 6 branches of the dungeon, and saw 31 of its levels.

You collected 3214 gold pieces.
You spent 1429 gold pieces at shops.


Innate Abilities, Weirdness & Mutations

You have a pair of horns on your head.
You reflexively headbutt those who attack you in melee.


   Skills:
 - Level 20.0 Fighting
 - Level 18.0 Axes
 - Level 11.0 Throwing
 - Level 19.0 Armour
 - Level 12.0 Dodging
 + Level 20.5 Shields


You had 18 spell levels left.
You didn't know any spells.
Your spell library was empty.

Inventory:

Hand Weapons
 c - the +8 broad axe of Seekut {antimagic, Int+4}
   (You acquired it on level 7 of the Dungeon)

   It reduces the magical energy of the wielder, and disrupts the spells and
   magical abilities of those it strikes.
   Natural abilities and divine invocations are not affected.
   Int:       It affects your intelligence (+4).
 r - the +9 broad axe "Feluirai" (weapon) {vorpal, rF+ Will+ rCorr Stlth-}
   (You found it on level 2 of the Lair of Beasts)

   It inflicts extra damage upon your enemies.
   rF:        It protects you from fire.
   rCorr:     It protects you from acid and corrosion.
   Will:      It increases your willpower.
   Stlth:     It makes you less stealthy.
Missiles
 h - 26 boomerangs
 p - a silver boomerang
 t - 6 javelins
 z - 3 silver javelins (quivered)
Armour
 b - the +2 pair of gloves "Tuihuraf" (worn) {Int+7 Dex+7}
   (You found it on level 4 of the Dungeon)

   Int:       It affects your intelligence (+7).
   Dex:       It affects your dexterity (+7).
 e - a +2 cloak (worn)
 k - a +2 pair of boots (worn)
 s - the +1 cloak of Words of Power {rElec rF- Int+3}
   (You found it on level 3 of the Spider Nest)

   Int:       It affects your intelligence (+3).
   rF:        It makes you vulnerable to fire.
   rElec:     It insulates you from electricity.
 v - the +1 hat "Omisec" (worn) {rN+ Dex+2}
   (You found it on level 2 of the Shoals)

   Dex:       It affects your dexterity (+2).
   rN:        It protects you from negative energy.
 y - a +7 plate armour of ponderousness
 A - +0 fire dragon scales
 B - a +0 tower shield (worn)
 E - a +5 plate armour of cold resistance (worn)
Jewellery
 a - a +4 ring of protection (right hand)
 g - the ring of Abokh (left hand) {rElec rPois rC+ Str-5}
   (You took it off a spriggan on level 5 of the Lair of Beasts)

   [ring of protection from cold]

   Str:       It affects your strength (-5).
   rC:        It protects you from cold.
   rElec:     It insulates you from electricity.
   rPois:     It protects you from poison.
 m - a +4 ring of evasion
 w - a ring of protection from fire
 x - an amulet of reflection (around neck)
 D - the amulet of Awnul {RegenMP Str+5 SInv}
   (You took it off a necromancer on level 2 of the Vaults)

   [amulet of magic regeneration]

   It increases your rate of magic regeneration.
   Str:       It affects your strength (+5).
   SInv:      It lets you see invisible.
Scrolls
 f - 16 scrolls of identify
 l - 7 scrolls of teleportation
 n - 7 scrolls of enchant weapon
Potions
 d - 2 potions of heal wounds
 i - 13 potions of haste
 j - 7 potions of mutation
 o - 3 potions of might
 q - 16 potions of curing
 u - a potion of resistance
 C - 2 potions of cancellation

Dungeon Overview and Level Annotations

Branches:
Dungeon (15/15)            Temple (0/1) D:5            Lair (5/5) D:9
 Shoals (3/4) Lair:2       Spider (4/4) Lair:2        Slime (0/5) Lair:5
    Orc (2/2) D:10            Elf (0/3) Orc:2        Vaults (2/5) D:14
 Depths (0/4) D:15
  Crypt: Vaults:2-3

Altars:
Cheibriados
Fedhas
Gozag
Makhleb
Qazlal
Trog
Uskayaw
Vehumet
Wu Jian
Jiyva
Lugonu

Shops:
D:4 *:(*(   D:9 !   D:13 [   Orc:2 (!(:   Vaults:1 :

Portals:
Abyss: Lair:5


Message History

You destroy the war gargoyle!
Trog accepts your kill.
You barely miss the slime creature.
You feel sick. You block the orc warrior's attack. The vault warden misses you.
You block the slime creature's attack.
You slice the slime creature!!
You kill the slime creature!
Trog accepts your kill.
You feel sick.
You carve the slime creature like a ham!!!
You kill the slime creature!
Trog accepts your kill.
You slice the slime creature!!
You hear a shout!
You block the orc warrior's attack.
A deep troll comes into view.
An ironbound thunderhulk comes into view.
It is wielding a +0 dire flail.
You block the vault warden's attack.
You slice the slime creature like a ripe choko!!!
You kill the slime creature!
Trog accepts your kill.
You feel sick. You block the vault warden's attack.
The orc warrior hits you from afar with a +0 glaive.
You slice the deep troll!! You headbutt the deep troll!!
The deep troll is severely wounded.
You hear a horrible gurgling sound!
You slice the deep troll!!
You kill the deep troll!
Trog accepts your kill.
The troll leather armour is intact enough to wear.
You feel sick. You block the vault warden's attack.
Strange energies crackle from the ironbound thunderhulk's apparatus.
The ironbound thunderhulk blinks!
The orc warrior misses you.
Items here: %%% ))) [[.
You slice the vault warden!!
The vault warden is moderately wounded.
You slice the orc warrior!!
You kill the orc warrior!
Trog accepts your kill.
You die...

#.u.....p.#......#..
..T......#......#..
..u.....#......#..
.......#......###
......#......... ....
#...?.....
########J####.........
###....).[......).......
.......@))..O.))).......
......p).....)).........
...............#########
#####+##.......# #.
#...(...# # #.......#
#.......# #.......#
.......


You could see a vault warden, an ironbound thunderhulk and a slime creature.

Vanquished Creatures
  Saint Roka (Vaults:2)
  Arachne (Spider:2)
  A kraken (Shoals:1)
  Kirke (Lair:5)
  Roxanne (D:15)
  4 emperor scorpions (Spider:4)
  6 vault wardens
  2 ghost moths
  Louise (D:15)
  5 ironbound preservers
  Aizul (Spider:3)
  6 very ugly things
  3 ironbound thunderhulks
  3 broodmothers
  A war gargoyle (Vaults:2)
  3 entropy weavers
  5 spark wasps
  8 dire elephants
  A merfolk javelineer (Shoals:3)
  A fire dragon (D:14)
  2 merfolk impalers
  3 yaktaur captains (Vaults:1)
  A great orb of eyes (Vaults:2)
  7 hydras
  Erolcha (D:9)
  Fannar (Lair:1)
  A peacekeeper (Vaults:2)
  8 boulder beetles
  5 ironbound frosthearts
  4 two-headed ogres
  2 jorogumos (Spider:4)
  10 vault guards
  A rakshasa (D:15)
  A catoblepas (D:15)
  An alligator snapping turtle (Shoals:1)
  4 centaur warriors
  2 merfolk avatars (Shoals:2)
  An ogre mage (D:14)
  3 radroaches
  A satyr (Shoals:2)
  2 tengu warriors (D:15)
  9 death yaks (Lair:5)
  3 orc high priests (Orc:2)
  3 thrashing horrors (Lair:5)
  A titan skeleton (Vaults:2)
  Amaemon (D:11)
  A shadow wraith (Shoals:2)
  4 pharaoh ants
  16 deep trolls
  5 skeletal warriors (D:11)
  A sun moth (Spider:4)
  5 steelbarb worms
  A salamander mystic (D:12)
  6 orb spiders
  4 sea snakes
  A glowing orange brain (D:15)
  4 ironbound convokers (Vaults:1)
  A necromancer (Vaults:2)
  3 wizards (Vaults:2)
  2 lindwurms (Vaults:1)
  5 harpies (Shoals:1)
  A deep elf pyromancer (D:13)
  A cyclops (shapeshifter) (D:15)
  18 wolf spiders
  28 ugly things
  7 orc knights
  11 fauns
  5 orc sorcerers
  3 oklob plants (Lair:5)
  10 cyclopes
  11 manticores
  6 merfolk sirens
  5 moths of wrath
  5 vault sentinels
  5 elephants (Lair:3)
  5 salamanders (D:12)
  5 water nymphs
  5 black mambas
  An orange demon (D:11)
  A smoke demon (Lair:5)
  7 torpor snails
  3 gargoyles
  3 large abominations (Lair:5)
  12 cane toads
  2 unseen horrors
  8 rime drakes
  10 demonic crawlers
  Psyche (D:9)
  A human zombie (Vaults:2)
  23 komodo dragons
  2 efreet
  36 yaktaurs
  A yaktaur zombie (Vaults:2)
  6 trolls
  20 merfolk
  A meliai (shapeshifter) (D:13)
  4 polar bears
  2 ancient zymes (Lair:5)
  6 meliai (Spider:3)
  A queen bee (Spider:3)
  2 hornets
  3 wind drakes
  20 tarantellas
  2 polar bears (shapeshifter) (Lair:5)
  Prince Ribbit (D:7)
  24 slime creatures
  20 dream sheep
  12 blink frogs
  5 snapping turtles
  15 jumping spiders
  2 spriggans (Lair:5)
  6 wyverns
  22 culicivoras
  2 vampires (D:13)
  2 water elementals
  2 wraiths
  A shadow (D:12)
  Eustachio (D:6)
  8 basilisks
  38 yaks
  A ynoxinul (Lair:5)
  5 hogs (Lair:5)
  2 humans (D:14)
  45 redbacks
  A steam dragon (D:7)
  A chaos spawn (Lair:5)
  17 vampire mosquitoes
  6 wargs
  18 water moccasins
  A floating eye (Lair:5)
  An ogre skeleton (Vaults:2)
  22 orc warriors
  A black bear (D:4)
  A sky beast (D:6)
  3 ice beasts
  4 boggarts (Vaults:1)
  11 ogres
  15 wolves
  14 centaurs
  4 kobold brigands
  5 phantoms
  12 bullfrogs
  2 gnoll sergeants
  4 scorpions
  2 necrophages
  9 wights
  25 killer bees
  An electric eel (Lair:3)
  6 howler monkeys
  2 gnoll boudas
  15 orc priests
  4 hounds
  A jelly (D:4)
  3 iguanas
  8 small abominations (Lair:5)
  27 orc wizards
  16 gnolls
  11 adders
  A shadow imp (D:7)
  3 white imps
  2 ufetubi (D:5)
  A worm (D:3)
  5 dart slugs
  80 orcs
  5 bats
  9 endoplasms
  5 giant cockroaches
  12 goblins
  7 hobgoblins
  6 jackals
  7 quokkas
  9 ball pythons
  2 frilled lizards
  23 kobolds
  4 rats
  4 tentacles (Shoals:1)
1173 creatures vanquished.

Vanquished Creatures (collateral kills)
  An emperor scorpion (Spider:4)
  A hydra (D:13)
  A great orb of eyes (Vaults:2)
  A pharaoh ant (Spider:3)
  3 orb spiders
  2 orc knights (Orc:2)
  2 cyclopes
  2 wolf spiders (Spider:4)
  A slime creature (D:13)
  A water nymph (shapeshifter) (Lair:5)
  2 jumping spiders (Spider:4)
  A culicivora (Spider:4)
  2 vampire mosquitoes (D:13)
  4 redbacks
  A water moccasin (Lair:1)
  An orc warrior (Orc:2)
  2 killer bees (Spider:3)
  An orc priest (Vaults:2)
  An orc wizard (Orc:2)
  An orc (Vaults:2)
  A plant (Lair:1)
32 creatures vanquished.

Vanquished Creatures (others)
  A pharaoh ant (Spider:4)
  2 orc priests (Orc:2)
  37 fungi
  172 plants
  7 tentacles (Shoals:1)
219 creatures vanquished.

Grand Total: 1424 creatures vanquished

Notes
Turn   | Place    | Note
-------+----------+-------------------------------------------
     0 | D:1      | qw the Minotaur Berserker began the quest for the Orb.
     0 | D:1      | Reached XP level 1. HP: 19/19 MP: 0/0
     0 | D:1      | 0 ||| qw: Version: 0.1-a-103-gd6f5d3a
     0 | D:1      | 0 ||| qw: Game counter: 5433
     0 | D:1      | 0 ||| qw: Always use a shield: true
     0 | D:1      | 0 ||| qw: Do Orc after D:15 true
     0 | D:1      | 0 ||| qw: Do second Lair branch before Depths: true
     0 | D:1      | 0 ||| qw: Lair rune preference: random
     0 | D:1      | 0 ||| qw: Plans: Normal
     0 | D:1      | 0 ||| PLANNING D:1-11
   216 | D:1      | Found a faded altar of an unknown god.
   275 | D:1      | Reached XP level 2. HP: 25/26 MP: 1/1
   578 | D:1      | 578 ||| Stepping ~*~*~tactically~*~*~ (stealth).
   581 | D:1      | 581 ||| Stepping ~*~*~tactically~*~*~ (stealth).
   866 | D:1      | 866 ||| INVOKING Berserk.
   868 | D:1      | Reached XP level 3. HP: 20/31 MP: 2/2
  1064 | D:1      | 1064 ||| UPGRADING to +0 cloak.
  1069 | D:1      | 1069 ||| UPGRADING to +0 ring mail.
  1079 | D:1      | 1079 ||| DROPPING +0 animal skin.
  1080 | D:1      | 1080 ||| UPGRADING to +0 scale mail.
  1090 | D:1      | 1090 ||| DROPPING +0 ring mail.
  1091 | D:1      | 1091 ||| UPGRADING to +6 ring of intelligence.
  1092 | D:1      | 1092 ||| READING scroll labelled PUAHUT GIHUFOX.
  1095 | D:1      | 1095 ||| READING scroll labelled PUSHREP ECACW.
  1096 | D:1      | 1096 ||| READING scroll labelled GEAGID MISTA.
  1097 | D:1      | 1097 ||| READING scroll labelled QARGHO NOELEHI.
  1098 | D:1      | 1098 ||| READING scroll labelled CIEREF AFYMUC.
  1124 | D:2      | 1124 ||| STAIRDANCE
  1142 | D:2      | 1142 ||| STAIRDANCE
  1152 | D:2      | Reached ** piety under Trog
  1155 | D:2      | 1155 ||| STAIRDANCE
  1419 | D:2      | 1419 ||| DROPPING +0 club.
  1601 | D:2      | 1601 ||| FLEEEEING.
  1602 | D:2      | 1602 ||| FLEEEEING.
  1603 | D:2      | 1603 ||| FLEEEEING.
  1604 | D:2      | 1604 ||| FLEEEEING.
  1605 | D:2      | 1605 ||| FLEEEEING.
  1606 | D:2      | 1606 ||| FLEEEEING.
  1607 | D:2      | 1607 ||| FLEEEEING.
  1608 | D:2      | 1608 ||| FLEEEEING.
  1609 | D:2      | 1609 ||| FLEEEEING.
  1610 | D:2      | 1610 ||| STAIRDANCE
  1646 | D:1      | 1646 ||| UPGRADING to +0 kite shield.
  1651 | D:1      | 1651 ||| UPGRADING to +4 ring of protection.
  1652 | D:1      | 1652 ||| READING scroll labelled INUUJI CIMUFONK.
  1653 | D:1      | 1653 ||| DRINKING 2 orange potions.
  1654 | D:1      | 1654 ||| READING 3 scrolls of identify.
  1654 | D:1      | 1654 ||| IDENTIFYING sedimented inky potion
  1655 | D:1      | 1655 ||| READING 2 scrolls of identify.
  1655 | D:1      | 1655 ||| IDENTIFYING fuming brown potion
  1656 | D:1      | 1656 ||| DROPPING potion of ambrosia.
  1660 | D:2      | 1660 ||| STAIRDANCE
  1812 | D:3      | 1812 ||| STAIRDANCE
  1819 | D:2      | Reached skill level 1 in Shields
  1997 | D:3      | Reached XP level 4. HP: 39/39 MP: 3/3
  2183 | D:3      | Reached skill level 3 in Shields
  2321 | D:3      | 2321 ||| DROPPING +0 whip.
  2984 | D:3      | Reached XP level 5. HP: 45/45 MP: 4/4
  2985 | D:3      | 2985 ||| UPGRADING to +0 plate armour.
  2995 | D:3      | 2995 ||| DROPPING +0 scale mail.
  2996 | D:3      | 2996 ||| READING 2 scrolls of identify.
  2996 | D:3      | 2996 ||| IDENTIFYING clear potion
  2997 | D:3      | 2997 ||| DROPPING potion of brilliance.
  3206 | D:4      | Identified the +2 pair of gloves "Tuihuraf" {Int+7 Dex+7}
  3238 | D:4      | 3238 ||| Stepping ~*~*~tactically~*~*~ (stealth).
  3247 | D:4      | Noticed a phantom
  3256 | D:4      | Reached skill level 6 in Axes
  3266 | D:4      | 3266 ||| INVOKING Berserk.
  3269 | D:4      | Killed a phantom
  3270 | D:4      | Reached XP level 6. HP: 37/51 MP: 5/5
  3392 | D:4      | 3392 ||| Stepping ~*~*~tactically~*~*~ (stealth).
  3394 | D:4      | 3394 ||| Stepping ~*~*~tactically~*~*~ (stealth).
  3395 | D:4      | 3395 ||| Stepping ~*~*~tactically~*~*~ (hiding).
  3401 | D:4      | 3401 ||| INVOKING Berserk.
  3415 | D:4      | Reached *** piety under Trog
  3418 | D:4      | 3418 ||| DRINKING potion of curing.
  3418 | D:4      | 3418 ||| (to cure confusion)
  3552 | D:4      | 3552 ||| SWAPPING to +1 hand axe of draining.
  3553 | D:4      | 3553 ||| DROPPING +1 hand axe.
  3557 | D:4      | 3557 ||| SWAPPING to +0 war axe.
  3558 | D:4      | 3558 ||| DROPPING +1 hand axe of draining.
  3579 | D:4      | 3579 ||| INVOKING Berserk.
  3636 | D:4      | 3636 ||| Stepping ~*~*~tactically~*~*~ (hiding).
  3637 | D:4      | 3637 ||| Stepping ~*~*~tactically~*~*~ (hiding).
  3642 | D:4      | Reached skill level 3 in Armour
  3683 | D:4      | 3683 ||| READING scroll of enchant weapon.
  3683 | D:4      | 3683 ||| ENCHANTING +0 war axe.
  3768 | D:4      | Found Qeracoam's Antique Weapon Emporium.
  3773 | D:4      | 3773 ||| Stepping ~*~*~tactically~*~*~ (stealth).
  3775 | D:4      | 3775 ||| UPGRADING to +2 pair of gloves "Tuihuraf" {Int+7
                  | Dex+7}.
  3780 | D:4      | 3780 ||| REMOVING +6 ring of intelligence.
  3781 | D:4      | 3781 ||| Stepping ~*~*~tactically~*~*~ (stealth).
  3785 | D:4      | 3785 ||| Stepping ~*~*~tactically~*~*~ (stealth).
  3869 | D:4      | 3869 ||| INVOKING Berserk.
  3873 | D:4      | Reached XP level 7. HP: 60/60 MP: 6/6
  3980 | D:4      | Found Inteeh's Assorted Antiques.
  3986 | D:4      | Found Jitag Gepp's Weapon Shop.
  3998 | D:4      | 3998 ||| SHOPLISTING embroidered scarf (240 gold, have
                  | 212).
  3998 | D:4      | 3998 ||| BUYING potion of curing (90 gold).
  3998 | D:4      | Bought a potion of curing for 90 gold pieces
  3998 | D:4      | 3998 ||| BUYING potion of curing (90 gold).
  3998 | D:4      | Bought a potion of curing for 90 gold pieces
  3998 | D:4      | 3998 ||| SHOPLISTING potion of haste (300 gold, have 32).
  4066 | D:4      | 4066 ||| Stepping ~*~*~tactically~*~*~ (stealth).
  4105 | D:4      | Found Noufauv's Assorted Antiques.
  4112 | D:4      | 4112 ||| BUYING sapphire potion (20 gold).
  4112 | D:4      | Bought a sapphire potion for 20 gold pieces
  4112 | D:4      | 4112 ||| SHOPLISTING scroll of enchant weapon (172 gold,
                  | have 12).
  4127 | D:4      | Found Uluarot's Book Shoppe.
  4177 | D:4      | Found an ornate altar of the Wu Jian Council.
  4186 | D:4      | Found a radiant altar of Vehumet.
  4186 | D:4      | Found an opulent altar of Gozag.
  4194 | D:4      | Found a burning altar of Makhleb.
  4202 | D:4      | Found a bloodstained altar of Trog.
  4203 | D:4      | 4203 ||| DROPPING +6 ring of intelligence.
  4204 | D:4      | 4204 ||| READING scroll labelled PIENAV LEULU.
  4205 | D:4      | 4205 ||| READING scroll labelled IQOOSI LETYS.
  4206 | D:4      | 4206 ||| READING scroll labelled COCWATA HOETE.
  4227 | D:5      | Entered Level 5 of the Dungeon
  4229 | D:5      | 4229 ||| INVOKING Berserk.
  4237 | D:5      | 4237 ||| STAIRDANCE
  4449 | D:5      | Reached skill level 6 in Shields
  4562 | D:5      | 4562 ||| INVOKING Berserk.
  4847 | D:5      | 4847 ||| INVOKING Berserk.
  5034 | D:5      | Reached skill level 9 in Axes
  5039 | D:5      | Found a staircase to the Ecumenical Temple.
  5052 | D:5      | Reached XP level 8. HP: 67/67 MP: 7/7
  5357 | D:5      | 5357 ||| INVOKING Berserk.
  5612 | D:5      | 5612 ||| READING scroll labelled CUCIUK ICENKATI.
  5613 | D:5      | 5613 ||| DRINKING 2 metallic pink potions.
  5718 | D:5      | 5718 ||| READING 2 scrolls of identify.
  5718 | D:5      | 5718 ||| IDENTIFYING smoky sapphire potion
  5719 | D:5      | 5719 ||| DROPPING potion of lignification.
  5720 | D:5      | 5720 ||| DROPPING potion of berserk rage.
  5832 | D:6      | 5832 ||| READING scroll of enchant armour.
  5832 | D:6      | 5832 ||| ENCHANTING +0 cloak.
  5848 | D:6      | You fall into a shaft and drop 1 floor!
  6107 | D:6      | 6107 ||| INVOKING Berserk.
  6295 | D:6      | 6295 ||| Stepping ~*~*~tactically~*~*~ (stealth).
  6485 | D:6      | 6485 ||| INVOKING Berserk.
  6488 | D:6      | Reached skill level 6 in Fighting
  6946 | D:6      | Noticed Eustachio
  6947 | D:6      | 6947 ||| INVOKING Berserk.
  6951 | D:6      | Killed Eustachio
  6952 | D:6      | Reached XP level 9. HP: 75/75 MP: 8/8
  7084 | D:6      | 7084 ||| DRINKING 2 sapphire potions.
  7085 | D:6      | 7085 ||| READING 3 scrolls of identify.
  7085 | D:6      | 7085 ||| IDENTIFYING fizzy black potion
  7086 | D:6      | 7086 ||| READING 2 scrolls of identify.
  7086 | D:6      | 7086 ||| IDENTIFYING green potion
  7087 | D:6      | 7087 ||| DROPPING potion of degeneration.
  7088 | D:6      | 7088 ||| DROPPING potion of flight.
  7147 | D:7      | 7147 ||| INVOKING Berserk.
  7152 | D:7      | Reached skill level 3 in Dodging
  7159 | D:7      | 7159 ||| Stepping ~*~*~tactically~*~*~ (stealth).
  7208 | D:7      | 7208 ||| READING scroll of enchant armour.
  7208 | D:7      | 7208 ||| ENCHANTING +1 cloak.
  7222 | D:7      | 7222 ||| Stepping ~*~*~tactically~*~*~ (stealth).
  7289 | D:7      | 7289 ||| Stepping ~*~*~tactically~*~*~ (stealth).
  7312 | D:7      | 7312 ||| Stepping ~*~*~tactically~*~*~ (stealth).
  7320 | D:7      | 7320 ||| Stepping ~*~*~tactically~*~*~ (stealth).
  7322 | D:7      | 7322 ||| Stepping ~*~*~tactically~*~*~ (hiding).
  7324 | D:7      | 7324 ||| Stepping ~*~*~tactically~*~*~ (hiding).
  7326 | D:7      | 7326 ||| Stepping ~*~*~tactically~*~*~ (hiding).
  7333 | D:7      | 7333 ||| Stepping ~*~*~tactically~*~*~ (hiding).
  7346 | D:7      | 7346 ||| INVOKING Berserk.
  7535 | D:7      | Reached **** piety under Trog
  7590 | D:7      | 7590 ||| Stepping ~*~*~tactically~*~*~ (hiding).
  7618 | D:7      | Reached skill level 12 in Axes
  7621 | D:7      | 7621 ||| Stepping ~*~*~tactically~*~*~ (stealth).
  7623 | D:7      | Noticed Prince Ribbit
  7627 | D:7      | 7627 ||| INVOKING Berserk.
  7648 | D:7      | Killed Prince Ribbit
  7649 | D:7      | Reached skill level 6 in Armour
  7847 | D:7      | 7847 ||| INVOKING Berserk.
  8107 | D:7      | 8107 ||| READING scroll labelled GOMAUNUOSI.
  8108 | D:7      | 8108 ||| READING 2 scrolls labelled WUHYER WAIFESCH.
  8108 | D:7      | Identified 2 scrolls of acquirement
  8108 | D:7      | 8108 ||| ACQUIRING +8 broad axe of Seekut {antimagic,
                  | Int+4}
  8108 | D:7      | Acquired the +8 broad axe of Seekut {antimagic, Int+4}
  8110 | D:7      | 8110 ||| SWAPPING to +8 broad axe of Seekut {antimagic,
                  | Int+4}.
  8111 | D:7      | 8111 ||| DROPPING +1 war axe.
  8112 | D:7      | 8112 ||| READING scroll of acquirement.
  8112 | D:7      | 8112 ||| ACQUIRING ring of protection from cold
  8112 | D:7      | Acquired a ring of protection from cold
  8114 | D:7      | 8114 ||| UPGRADING to ring of protection from cold.
  8200 | D:8      | 8200 ||| INVOKING Berserk.
  8208 | D:8      | Reached skill level 9 in Shields
  8208 | D:8      | Reached XP level 10. HP: 86/86 MP: 3/9
  8363 | D:8      | 8363 ||| Stepping ~*~*~tactically~*~*~ (hiding).
  8364 | D:8      | 8364 ||| Stepping ~*~*~tactically~*~*~ (hiding).
  8365 | D:8      | 8365 ||| Stepping ~*~*~tactically~*~*~ (hiding).
  8388 | D:8      | 8388 ||| Stepping ~*~*~tactically~*~*~ (stealth).
  8392 | D:8      | 8392 ||| Stepping ~*~*~tactically~*~*~ (hiding).
  8393 | D:8      | 8393 ||| Stepping ~*~*~tactically~*~*~ (hiding).
  8411 | D:8      | 8411 ||| Stepping ~*~*~tactically~*~*~ (stealth).
  8570 | D:8      | 8570 ||| Stepping ~*~*~tactically~*~*~ (stealth).
  8572 | D:8      | 8572 ||| Stepping ~*~*~tactically~*~*~ (stealth).
  8576 | D:8      | 8576 ||| Stepping ~*~*~tactically~*~*~ (stealth).
  8582 | D:8      | Reached skill level 1 in Throwing
  8686 | D:8      | 8686 ||| Stepping ~*~*~tactically~*~*~ (stealth).
  8691 | D:8      | 8691 ||| Stepping ~*~*~tactically~*~*~ (stealth).
  8787 | D:8      | 8787 ||| READING scroll labelled PUBOVY ICAYH BIA.
  8788 | D:8      | 8788 ||| READING scroll labelled WOIKEV XOTHREDAURA.
  8820 | D:9      | 8820 ||| Stepping ~*~*~tactically~*~*~ (stealth).
  8830 | D:9      | Noticed Psyche
  8831 | D:9      | 8831 ||| Stepping ~*~*~tactically~*~*~ (stealth).
  8833 | D:9      | 8833 ||| Stepping ~*~*~tactically~*~*~ (stealth).
  8846 | D:9      | 8846 ||| Stepping ~*~*~tactically~*~*~ (stealth).
  8849 | D:9      | 8849 ||| Stepping ~*~*~tactically~*~*~ (stealth).
  8852 | D:9      | 8852 ||| FLEEEEING.
  8853 | D:9      | 8853 ||| FLEEEEING.
  8862 | D:9      | 8862 ||| INVOKING Berserk.
  8863 | D:9      | Killed Psyche
  8968 | D:9      | 8968 ||| FLEEEEING.
  8969 | D:9      | 8969 ||| FLEEEEING.
  8970 | D:9      | 8970 ||| FLEEEEING.
  8971 | D:9      | 8971 ||| FLEEEEING.
  8972 | D:9      | 8972 ||| FLEEEEING.
  8973 | D:9      | 8973 ||| FLEEEEING.
  8974 | D:9      | 8974 ||| FLEEEEING.
  8975 | D:9      | 8975 ||| FLEEEEING.
  8976 | D:9      | 8976 ||| FLEEEEING.
  8977 | D:9      | 8977 ||| FLEEEEING.
  8978 | D:9      | 8978 ||| FLEEEEING.
  8979 | D:9      | 8979 ||| FLEEEEING.
  8980 | D:9      | 8980 ||| FLEEEEING.
  8981 | D:9      | 8981 ||| FLEEEEING.
  8982 | D:9      | 8982 ||| STAIRDANCE
  9056 | D:9      | 9056 ||| Stepping ~*~*~tactically~*~*~ (stealth).
  9058 | D:9      | 9058 ||| Stepping ~*~*~tactically~*~*~ (stealth).
  9271 | D:9      | Found Xehuest's Distillery.
  9272 | D:9      | Noticed Erolcha
  9273 | D:9      | 9273 ||| INVOKING Trog's Hand.
  9276 | D:9      | 9276 ||| INVOKING Berserk.
  9281 | D:9      | Killed Erolcha
  9340 | D:9      | 9340 ||| BUYING 2 potions of curing (66 gold).
  9340 | D:9      | Bought 2 potions of curing for 66 gold pieces
  9340 | D:9      | 9340 ||| BUYING potion of haste (110 gold).
  9340 | D:9      | Bought a potion of haste for 110 gold pieces
  9340 | D:9      | 9340 ||| BUYING potion of heal wounds (55 gold).
  9340 | D:9      | Bought a potion of heal wounds for 55 gold pieces
  9340 | D:9      | 9340 ||| BUYING potion of mutation (88 gold).
  9340 | D:9      | Bought a potion of mutation for 88 gold pieces
  9653 | D:9      | Found a staircase to the Lair.
  9666 | D:9      | 9666 ||| INVOKING Berserk.
  9946 | D:9      | 9946 ||| PLANNING LAIR
  9946 | D:9      | 9946 ||| UPGRADING to +0 pair of boots.
 10007 | Lair:1   | Entered Level 1 of the Lair of Beasts
 10017 | Lair:1   | Noticed a six-headed hydra
 10018 | Lair:1   | 10018 ||| INVOKING Brothers in Arms.
 10020 | Lair:1   | 10020 ||| SWAPPING to +1 flail of protection.
 10021 | Lair:1   | 10021 ||| INVOKING Berserk.
 10027 | Lair:1   | Killed a six-headed hydra
 10061 | Lair:1   | 10061 ||| SWAPPING to +8 broad axe of Seekut {antimagic,
                  | Int+4}.
 10067 | Lair:1   | Noticed a cane toad
 10068 | Lair:1   | 10068 ||| Stepping ~*~*~tactically~*~*~ (stealth).
 10070 | Lair:1   | 10070 ||| INVOKING Berserk.
 10072 | Lair:1   | Killed a cane toad
 10117 | Lair:1   | 10117 ||| Stepping ~*~*~tactically~*~*~ (stealth).
 10120 | Lair:1   | 10120 ||| Stepping ~*~*~tactically~*~*~ (stealth).
 10130 | Lair:1   | 10130 ||| Stepping ~*~*~tactically~*~*~ (stealth).
 10147 | Lair:1   | Noticed Fannar
 10151 | Lair:1   | Reached XP level 11. HP: 94/94 MP: 3/10
 10161 | Lair:1   | 10161 ||| INVOKING Berserk.
 10168 | Lair:1   | Killed Fannar
 10191 | Lair:1   | HP: 20/94 [komodo dragon (14)]
 10192 | Lair:1   | 10192 ||| READING 4 scrolls of teleportation.
 10193 | Lair:1   | 10193 ||| DRINKING 3 potions of heal wounds.
 10214 | Lair:1   | 10214 ||| INVOKING Berserk.
 10445 | Lair:1   | 10445 ||| INVOKING Berserk.
 10456 | Lair:1   | 10456 ||| Stepping ~*~*~tactically~*~*~ (stealth).
 10724 | Lair:1   | 10724 ||| INVOKING Berserk.
 10852 | Lair:1   | 10852 ||| Stepping ~*~*~tactically~*~*~ (hiding).
 10895 | Lair:1   | 10895 ||| INVOKING Berserk.
 10898 | Lair:1   | Reached skill level 15 in Axes
 11095 | Lair:1   | 11095 ||| INVOKING Berserk.
 11325 | Lair:1   | 11325 ||| INVOKING Berserk.
 11328 | Lair:1   | Reached skill level 9 in Fighting
 11589 | Lair:2   | 11589 ||| STAIRDANCE
 11591 | Lair:1   | 11591 ||| INVOKING Berserk.
 11705 | Lair:2   | 11705 ||| Stepping ~*~*~tactically~*~*~ (stealth).
 11707 | Lair:2   | Found a hole to the Spider Nest.
 11773 | Lair:2   | 11773 ||| INVOKING Berserk.
 11787 | Lair:2   | Noticed a six-headed hydra
 11788 | Lair:2   | 11788 ||| Stepping ~*~*~tactically~*~*~ (stealth).
 11789 | Lair:2   | 11789 ||| INVOKING Brothers in Arms.
 11790 | Lair:2   | 11790 ||| SWAPPING to +1 flail of protection.
 11802 | Lair:2   | Killed a six-headed hydra
 11803 | Lair:2   | 11803 ||| SWAPPING to +8 broad axe of Seekut {antimagic,
                  | Int+4}.
 12095 | Lair:2   | 12095 ||| INVOKING Berserk.
 12116 | Lair:2   | Noticed a five-headed hydra
 12117 | Lair:2   | Reached skill level 9 in Armour
 12120 | Lair:2   | 12120 ||| SWAPPING to +1 flail of protection.
 12121 | Lair:2   | 12121 ||| Stepping ~*~*~tactically~*~*~ (outnumbered).
 12127 | Lair:2   | 12127 ||| Stepping ~*~*~tactically~*~*~ (stealth).
 12134 | Lair:2   | Killed a five-headed hydra
 12135 | Lair:2   | 12135 ||| SWAPPING to +8 broad axe of Seekut {antimagic,
                  | Int+4}.
 12143 | Lair:2   | 12143 ||| INVOKING Berserk.
 12150 | Lair:2   | Reached XP level 12. HP: 49/104 MP: 3/11
 12170 | Lair:2   | 12170 ||| Stepping ~*~*~tactically~*~*~ (stealth).
 12201 | Lair:2   | 12201 ||| INVOKING Berserk.
 12414 | Lair:2   | Identified the +0 plate armour of Follow the Leader {rN++}
 12420 | Lair:2   | 12420 ||| Stepping ~*~*~tactically~*~*~ (stealth).
 12431 | Lair:2   | Identified the +9 broad axe "Feluirai" {vorpal, rF+ Will+
                  | rCorr Stlth-}
 12433 | Lair:2   | 12433 ||| SWAPPING to +9 broad axe "Feluirai" {vorpal, rF+
                  | Will+ rCorr Stlth-}.
 12628 | Lair:2   | 12628 ||| Stepping ~*~*~tactically~*~*~ (stealth).
 12667 | Lair:2   | 12667 ||| Stepping ~*~*~tactically~*~*~ (stealth).
 12950 | Lair:2   | 12950 ||| INVOKING Berserk.
 13152 | Lair:2   | 13152 ||| INVOKING Berserk.
 13295 | Lair:2   | 13295 ||| Stepping ~*~*~tactically~*~*~ (stealth).
 13303 | Lair:2   | Found a staircase to the Shoals.
 13480 | Lair:2   | 13480 ||| READING scroll of enchant armour.
 13480 | Lair:2   | 13480 ||| ENCHANTING +0 pair of boots.
 13653 | Lair:2   | 13653 ||| UPGRADING to +0 plate armour of Follow the Leader
                  | {rN++}.
 13663 | Lair:2   | 13663 ||| DROPPING +0 plate armour.
 13664 | Lair:2   | 13664 ||| UPGRADING to ring of see invisible.
 13857 | Lair:3   | 13857 ||| READING scroll of enchant armour.
 13857 | Lair:3   | 13857 ||| ENCHANTING +1 pair of boots.
 13890 | Lair:3   | Reached skill level 18 in Axes
 13993 | Lair:3   | 13993 ||| Stepping ~*~*~tactically~*~*~ (stealth).
 14144 | Lair:3   | 14144 ||| INVOKING Berserk.
 14401 | Lair:3   | Reached skill level 6 in Dodging
 14487 | Lair:3   | 14487 ||| Stepping ~*~*~tactically~*~*~ (stealth).
 14580 | Lair:3   | 14580 ||| Stepping ~*~*~tactically~*~*~ (hiding).
 14612 | Lair:3   | 14612 ||| Stepping ~*~*~tactically~*~*~ (stealth).
 14613 | Lair:3   | 14613 ||| Stepping ~*~*~tactically~*~*~ (stealth).
 15111 | Lair:3   | 15111 ||| READING 5 scrolls of identify.
 15111 | Lair:3   | 15111 ||| IDENTIFYING fuming inky potion
 15112 | Lair:3   | 15112 ||| DROPPING potion of attraction.
 15234 | Lair:4   | 15234 ||| Stepping ~*~*~tactically~*~*~ (stealth).
 15241 | Lair:4   | Reached XP level 13. HP: 115/116 MP: 12/12
 15248 | Lair:4   | 15248 ||| Stepping ~*~*~tactically~*~*~ (stealth).
 15269 | Lair:4   | Reached skill level 12 in Shields
 15275 | Lair:4   | Reached ***** piety under Trog
 15798 | Lair:4   | 15798 ||| FLEEEEING.
 15799 | Lair:4   | 15799 ||| FLEEEEING.
 15804 | Lair:4   | 15804 ||| FLEEEEING.
 15808 | Lair:4   | 15808 ||| FLEEEEING.
 15809 | Lair:4   | 15809 ||| FLEEEEING.
 15814 | Lair:4   | 15814 ||| INVOKING Berserk.
 16200 | Lair:4   | 16200 ||| READING 6 scrolls of identify.
 16200 | Lair:4   | 16200 ||| IDENTIFYING metallic ruby potion
 16201 | Lair:4   | 16201 ||| DROPPING potion of invisibility.
 16228 | Lair:5   | Entered Level 5 of the Lair of Beasts
 16229 | Lair:5   | Found a viscous altar of Jiyva.
 16230 | Lair:5   | Found a staircase to the Slime Pits.
 16250 | Lair:5   | 16250 ||| INVOKING Berserk.
 16423 | Lair:5   | 16423 ||| Stepping ~*~*~tactically~*~*~ (hiding).
 16536 | Lair:5   | 16536 ||| Stepping ~*~*~tactically~*~*~ (stealth).
 16539 | Lair:5   | 16539 ||| INVOKING Berserk.
 16558 | Lair:5   | Reached skill level 12 in Fighting
 16721 | Lair:5   | Identified the ring of Abokh {rElec rPois rC+ Str-5}
 16869 | Lair:5   | Noticed Kirke
 16870 | Lair:5   | 16870 ||| Stepping ~*~*~tactically~*~*~ (stealth).
 16875 | Lair:5   | 16875 ||| INVOKING Trog's Hand.
 16878 | Lair:5   | 16878 ||| Stepping ~*~*~tactically~*~*~ (hiding).
 16879 | Lair:5   | 16879 ||| Stepping ~*~*~tactically~*~*~ (hiding).
 16882 | Lair:5   | 16882 ||| INVOKING Berserk.
 16889 | Lair:5   | Killed Kirke
 16936 | Lair:5   | 16936 ||| Stepping ~*~*~tactically~*~*~ (stealth).
 16978 | Lair:5   | 16978 ||| INVOKING Berserk.
 16978 | Lair:5   | Paralysed by a floating eye for 2 turns
 17148 | Lair:5   | 17148 ||| INVOKING Berserk.
 17286 | Lair:5   | 17286 ||| INVOKING Berserk.
 17335 | Lair:5   | 17335 ||| Stepping ~*~*~tactically~*~*~ (stealth).
 17341 | Lair:5   | 17341 ||| INVOKING Berserk.
 17345 | Lair:5   | Reached skill level 12 in Armour
 17373 | Lair:5   | 17373 ||| FLEEEEING.
 17374 | Lair:5   | 17374 ||| FLEEEEING.
 17375 | Lair:5   | 17375 ||| FLEEEEING.
 17376 | Lair:5   | 17376 ||| FLEEEEING.
 17377 | Lair:5   | 17377 ||| FLEEEEING.
 17378 | Lair:5   | 17378 ||| FLEEEEING.
 17379 | Lair:5   | 17379 ||| FLEEEEING.
 17380 | Lair:5   | 17380 ||| FLEEEEING.
 17381 | Lair:5   | 17381 ||| FLEEEEING.
 17382 | Lair:5   | 17382 ||| FLEEEEING.
 17383 | Lair:5   | 17383 ||| FLEEEEING.
 17384 | Lair:5   | 17384 ||| INVOKING Berserk.
 17410 | Lair:5   | 17410 ||| FLEEEEING.
 17538 | Lair:5   | 17538 ||| Stepping ~*~*~tactically~*~*~ (stealth).
 17540 | Lair:5   | 17540 ||| INVOKING Brothers in Arms.
 17541 | Lair:5   | 17541 ||| INVOKING Brothers in Arms.
 17544 | Lair:5   | 17544 ||| INVOKING Brothers in Arms.
 17545 | Lair:5   | 17545 ||| SWAPPING to +1 flail of protection.
 17546 | Lair:5   | 17546 ||| INVOKING Berserk.
 17577 | Lair:5   | 17577 ||| SWAPPING to +9 broad axe "Feluirai" {vorpal, rF+
                  | Will+ rCorr Stlth-}.
 17691 | Lair:5   | 17691 ||| INVOKING Berserk.
 17866 | Lair:5   | 17866 ||| INVOKING Berserk.
 17934 | Lair:5   | 17934 ||| INVOKING Berserk.
 17961 | Lair:5   | 17961 ||| Stepping ~*~*~tactically~*~*~ (stealth).
 17962 | Lair:5   | 17962 ||| INVOKING Brothers in Arms.
 17963 | Lair:5   | 17963 ||| FLEEEEING.
 17964 | Lair:5   | 17964 ||| FLEEEEING.
 17965 | Lair:5   | 17965 ||| FLEEEEING.
 17966 | Lair:5   | 17966 ||| FLEEEEING.
 17967 | Lair:5   | 17967 ||| FLEEEEING.
 17968 | Lair:5   | 17968 ||| FLEEEEING.
 17969 | Lair:5   | 17969 ||| FLEEEEING.
 17970 | Lair:5   | 17970 ||| FLEEEEING.
 17971 | Lair:5   | 17971 ||| FLEEEEING.
 17972 | Lair:5   | 17972 ||| INVOKING Brothers in Arms.
 17973 | Lair:5   | 17973 ||| INVOKING Brothers in Arms.
 17974 | Lair:5   | 17974 ||| SWAPPING to +1 flail of protection.
 17975 | Lair:5   | 17975 ||| INVOKING Berserk.
 17984 | Lair:5   | 17984 ||| SWAPPING to +9 broad axe "Feluirai" {vorpal, rF+
                  | Will+ rCorr Stlth-}.
 18062 | Lair:5   | 18062 ||| Stepping ~*~*~tactically~*~*~ (stealth).
 18063 | Lair:5   | 18063 ||| Stepping ~*~*~tactically~*~*~ (stealth).
 18192 | Lair:5   | 18192 ||| Stepping ~*~*~tactically~*~*~ (hiding).
 18197 | Lair:5   | 18197 ||| INVOKING Berserk.
 18202 | Lair:5   | Reached XP level 14. HP: 129/129 MP: 13/13
 18294 | Lair:5   | 18294 ||| Stepping ~*~*~tactically~*~*~ (hiding).
 18295 | Lair:5   | 18295 ||| Stepping ~*~*~tactically~*~*~ (hiding).
 18296 | Lair:5   | 18296 ||| Stepping ~*~*~tactically~*~*~ (stealth).
 18301 | Lair:5   | 18301 ||| Stepping ~*~*~tactically~*~*~ (stealth).
 18328 | Lair:5   | 18328 ||| FLEEEEING.
 18331 | Lair:5   | 18331 ||| STAIRDANCE
 18374 | Lair:4   | 18374 ||| UPGRADING to ring of Abokh {rElec rPois rC+
                  | Str-5}.
 18382 | Lair:5   | 18382 ||| Stepping ~*~*~tactically~*~*~ (stealth).
 18464 | Lair:5   | 18464 ||| Stepping ~*~*~tactically~*~*~ (stealth).
 18465 | Lair:5   | 18465 ||| Stepping ~*~*~tactically~*~*~ (stealth).
 18467 | Lair:5   | 18467 ||| Stepping ~*~*~tactically~*~*~ (stealth).
 18474 | Lair:5   | 18474 ||| Stepping ~*~*~tactically~*~*~ (stealth).
 18475 | Lair:5   | 18475 ||| Stepping ~*~*~tactically~*~*~ (hiding).
 18614 | Lair:5   | 18614 ||| Stepping ~*~*~tactically~*~*~ (stealth).
 18616 | Lair:5   | 18616 ||| Stepping ~*~*~tactically~*~*~ (stealth).
 18617 | Lair:5   | 18617 ||| Stepping ~*~*~tactically~*~*~ (stealth).
 18702 | Lair:5   | 18702 ||| Stepping ~*~*~tactically~*~*~ (stealth).
 18847 | Lair:5   | 18847 ||| INVOKING Berserk.
 18937 | Lair:5   | 18937 ||| INVOKING Berserk.
 19081 | Lair:5   | Found a corrupted altar of Lugonu.
 19081 | Lair:5   | Found a one-way gate to the infinite horrors of the Abyss.
 19118 | Lair:5   | 19118 ||| PLANNING D:1-11
 19264 | D:10     | Entered Level 10 of the Dungeon
 19432 | D:10     | Found a staircase to the Orcish Mines.
 19434 | D:10     | 19434 ||| Stepping ~*~*~tactically~*~*~ (stealth).
 19436 | D:10     | 19436 ||| Stepping ~*~*~tactically~*~*~ (hiding).
 19443 | D:10     | Reached skill level 3 in Throwing
 19447 | D:10     | 19447 ||| Stepping ~*~*~tactically~*~*~ (stealth).
 19451 | D:10     | 19451 ||| Stepping ~*~*~tactically~*~*~ (hiding).
 19469 | D:10     | 19469 ||| Stepping ~*~*~tactically~*~*~ (stealth).
 19470 | D:10     | 19470 ||| Stepping ~*~*~tactically~*~*~ (stealth).
 19474 | D:10     | 19474 ||| Stepping ~*~*~tactically~*~*~ (hiding).
 19511 | D:10     | 19511 ||| Stepping ~*~*~tactically~*~*~ (stealth).
 19521 | D:10     | 19521 ||| Stepping ~*~*~tactically~*~*~ (stealth).
 19563 | D:10     | 19563 ||| Stepping ~*~*~tactically~*~*~ (hiding).
 20231 | D:10     | 20231 ||| Stepping ~*~*~tactically~*~*~ (stealth).
 20240 | D:10     | 20240 ||| Stepping ~*~*~tactically~*~*~ (stealth).
 20242 | D:10     | 20242 ||| Stepping ~*~*~tactically~*~*~ (stealth).
 20372 | D:10     | 20372 ||| Stepping ~*~*~tactically~*~*~ (stealth).
 20494 | D:10     | 20494 ||| READING 6 scrolls of identify.
 20494 | D:10     | 20494 ||| IDENTIFYING white potion
 20554 | D:11     | 20554 ||| STAIRDANCE
 20642 | D:11     | Found a stormy altar of Qazlal.
 20662 | D:11     | Noticed Amaemon
 20673 | D:11     | Killed Amaemon
 20673 | D:11     | Identified the +6 hand axe "Waac" {antimagic, Will+ Str+4
                  | Int-5 Dex+4} (Trog gifted it to you on level 11 of the
                  | Dungeon)
 20673 | D:11     | Received a gift from Trog
 20750 | D:11     | 20750 ||| DROPPING +1 flail of protection.
 20764 | D:11     | Reached skill level 6 in Throwing
 20819 | D:11     | 20819 ||| INVOKING Berserk.
 20837 | D:11     | 20837 ||| INVOKING Brothers in Arms.
 20841 | D:11     | 20841 ||| INVOKING Brothers in Arms.
 21084 | D:11     | 21084 ||| Stepping ~*~*~tactically~*~*~ (stealth).
 21274 | D:11     | 21274 ||| PLANNING D
 21308 | D:12     | 21308 ||| Stepping ~*~*~tactically~*~*~ (stealth).
 21713 | D:12     | Found a frozen archway.
 21962 | D:12     | 21962 ||| Stepping ~*~*~tactically~*~*~ (hiding).
 21974 | D:12     | 21974 ||| INVOKING Berserk.
 22208 | D:12     | Found the +3 salamander hide armour {Flames rF++ rC--}
 22270 | D:12     | 22270 ||| READING 7 scrolls of identify.
 22270 | D:12     | 22270 ||| IDENTIFYING metallic white potion
 22312 | D:13     | 22312 ||| STAIRDANCE
 22319 | D:13     | 22319 ||| INVOKING Berserk.
 22331 | D:13     | 22331 ||| FLEEEEING.
 22332 | D:13     | 22332 ||| FLEEEEING.
 22335 | D:13     | 22335 ||| INVOKING Brothers in Arms.
 22383 | D:13     | 22383 ||| FLEEEEING.
 22384 | D:13     | 22384 ||| FLEEEEING.
 22385 | D:13     | 22385 ||| FLEEEEING.
 22386 | D:13     | 22386 ||| STAIRDANCE
 22615 | D:13     | 22615 ||| Stepping ~*~*~tactically~*~*~ (stealth).
 22616 | D:13     | 22616 ||| Stepping ~*~*~tactically~*~*~ (hiding).
 22876 | D:13     | Reached skill level 15 in Fighting
 22886 | D:13     | Reached XP level 15. HP: 126/141 MP: 14/14
 22933 | D:13     | Found Cheibriados's Comfort Zone.
 22935 | D:13     | Found a snail-covered altar of Cheibriados.
 22949 | D:13     | 22949 ||| BUYING +7 plate armour of ponderousness (350
                  | gold).
 22949 | D:13     | Bought a +7 plate armour of ponderousness for 350 gold
                  | pieces
 23014 | D:13     | 23014 ||| INVOKING Brothers in Arms.
 23016 | D:13     | 23016 ||| SWAPPING to +0 demon whip of venom.
 23017 | D:13     | 23017 ||| INVOKING Berserk.
 23027 | D:13     | 23027 ||| SWAPPING to +9 broad axe "Feluirai" {vorpal, rF+
                  | Will+ rCorr Stlth-}.
 23137 | D:13     | Found a blossoming altar of Fedhas.
 23361 | D:13     | 23361 ||| UPGRADING to amulet of reflection.
 23454 | D:14     | 23454 ||| INVOKING Trog's Hand.
 23460 | D:14     | 23460 ||| INVOKING Berserk.
 23504 | D:14     | 23504 ||| INVOKING Trog's Hand.
 23538 | D:14     | 23538 ||| FLEEEEING.
 23539 | D:14     | 23539 ||| FLEEEEING.
 23540 | D:14     | 23540 ||| FLEEEEING.
 23541 | D:14     | 23541 ||| FLEEEEING.
 23542 | D:14     | 23542 ||| STAIRDANCE
 23747 | D:14     | Found a gate to the Vaults.
 23996 | D:14     | 23996 ||| INVOKING Berserk.
 24229 | D:14     | Reached skill level 9 in Dodging
 24375 | D:14     | 24375 ||| Stepping ~*~*~tactically~*~*~ (stealth).
 24377 | D:14     | 24377 ||| Stepping ~*~*~tactically~*~*~ (stealth).
 24621 | D:14     | Identified the +6 dagger of the Burning Madman {speed,
                  | Drain rF+ rC+++ rN++}
 24689 | D:14     | Reached skill level 15 in Armour
 24776 | D:14     | 24776 ||| INVOKING Berserk.
 25197 | D:14     | 25197 ||| READING scroll labelled ISSOROPPUO.
 25354 | D:15     | Entered Level 15 of the Dungeon
 25377 | D:15     | Reached skill level 15 in Shields
 25436 | D:15     | 25436 ||| Stepping ~*~*~tactically~*~*~ (stealth).
 25540 | D:15     | Noticed Roxanne
 25543 | D:15     | 25543 ||| INVOKING Berserk.
 25551 | D:15     | Killed Roxanne
 25641 | D:15     | Noticed Louise
 25642 | D:15     | 25642 ||| INVOKING Trog's Hand.
 25643 | D:15     | 25643 ||| SWAPPING to +0 demon whip of venom.
 25644 | D:15     | 25644 ||| INVOKING Berserk.
 25662 | D:15     | Killed Louise
 25668 | D:15     | 25668 ||| SWAPPING to +9 broad axe "Feluirai" {vorpal, rF+
                  | Will+ rCorr Stlth-}.
 25855 | D:15     | 25855 ||| Stepping ~*~*~tactically~*~*~ (cloud).
 25857 | D:15     | 25857 ||| Stepping ~*~*~tactically~*~*~ (cloud).
 25957 | D:15     | 25957 ||| Stepping ~*~*~tactically~*~*~ (hiding).
 25958 | D:15     | 25958 ||| Stepping ~*~*~tactically~*~*~ (hiding).
 25970 | D:15     | Found a staircase to the Depths.
 25971 | D:15     | 25971 ||| Stepping ~*~*~tactically~*~*~ (hiding).
 26042 | D:15     | 26042 ||| Stepping ~*~*~tactically~*~*~ (hiding).
 26201 | D:15     | 26201 ||| INVOKING Brothers in Arms.
 26202 | D:15     | 26202 ||| SWAPPING to +0 demon whip of venom.
 26203 | D:15     | 26203 ||| INVOKING Berserk.
 26222 | D:15     | 26222 ||| SWAPPING to +9 broad axe "Feluirai" {vorpal, rF+
                  | Will+ rCorr Stlth-}.
 26709 | D:15     | 26709 ||| PLANNING ORC
 26709 | D:15     | 26709 ||| UPGRADING to +0 tower shield.
 26719 | D:15     | 26719 ||| DROPPING +0 kite shield.
 26720 | D:15     | 26720 ||| DRINKING 2 cyan potions.
 26861 | Orc:1    | Entered Level 1 of the Orcish Mines
 26940 | Orc:2    | Entered Level 2 of the Orcish Mines
 26941 | Orc:2    | 26941 ||| PLANNING BAZAAR
 26947 | Orc:2    | 26947 ||| INVOKING Berserk.
 27088 | Orc:2    | Found a staircase to the Elven Halls.
 27260 | Orc:2    | 27260 ||| Stepping ~*~*~tactically~*~*~ (hiding).
 27261 | Orc:2    | 27261 ||| Stepping ~*~*~tactically~*~*~ (hiding).
 27262 | Orc:2    | 27262 ||| Stepping ~*~*~tactically~*~*~ (hiding).
 27264 | Orc:2    | 27264 ||| Stepping ~*~*~tactically~*~*~ (hiding).
 27265 | Orc:2    | 27265 ||| Stepping ~*~*~tactically~*~*~ (hiding).
 27266 | Orc:2    | 27266 ||| Stepping ~*~*~tactically~*~*~ (hiding).
 27384 | Orc:2    | 27384 ||| Stepping ~*~*~tactically~*~*~ (hiding).
 27386 | Orc:2    | 27386 ||| INVOKING Trog's Hand.
 27388 | Orc:2    | Found Urghag's Book Shoppe.
 27389 | Orc:2    | 27389 ||| INVOKING Berserk.
 27409 | Orc:2    | 27409 ||| INVOKING Brothers in Arms.
 27410 | Orc:2    | 27410 ||| INVOKING Brothers in Arms.
 27420 | Orc:2    | Reached XP level 16. HP: 133/151 MP: 15/15
 27425 | Orc:2    | 27425 ||| Stepping ~*~*~tactically~*~*~ (hiding).
 27426 | Orc:2    | 27426 ||| Stepping ~*~*~tactically~*~*~ (hiding).
 27429 | Orc:2    | 27429 ||| INVOKING Trog's Hand.
 27442 | Orc:2    | 27442 ||| INVOKING Brothers in Arms.
 27523 | Orc:2    | Found Soshrut's Distillery.
 27532 | Orc:2    | 27532 ||| BUYING potion of curing (48 gold).
 27532 | Orc:2    | Bought a potion of curing for 48 gold pieces
 27532 | Orc:2    | 27532 ||| BUYING potion of haste (160 gold).
 27532 | Orc:2    | Bought a potion of haste for 160 gold pieces
 27532 | Orc:2    | 27532 ||| BUYING potion of mutation (128 gold).
 27532 | Orc:2    | Bought a potion of mutation for 128 gold pieces
 27532 | Orc:2    | Found Dininun's Antique Weapon Boutique.
 27543 | Orc:2    | Found Roog's Antique Weapon Shoppe.
 27551 | Orc:2    | 27551 ||| BUYING runed morningstar (224 gold).
 27551 | Orc:2    | Bought a runed morningstar for 224 gold pieces
 27551 | Orc:2    | 27551 ||| DROPPING +0 antimagic morningstar.
 27838 | Orc:2    | 27838 ||| RIP BAZAAR
 27838 | Orc:2    | 27838 ||| PLANNING ORC
 27838 | Orc:2    | 27838 ||| UPGRADING to +1 plate armour of willpower.
 27848 | Orc:2    | 27848 ||| DROPPING +0 plate armour of Follow the Leader
                  | {rN++}.
 27849 | Orc:2    | 27849 ||| UPGRADING to +2 plate armour of cold resistance.
 27859 | Orc:2    | 27859 ||| READING 2 scrolls of enchant armour.
 27859 | Orc:2    | 27859 ||| ENCHANTING +2 plate armour of cold resistance.
 27860 | Orc:2    | 27860 ||| DROPPING +1 plate armour of willpower.
 27861 | Orc:2    | 27861 ||| READING scroll of enchant armour.
 27861 | Orc:2    | 27861 ||| ENCHANTING +3 plate armour of cold resistance.
 27880 | Orc:1    | 27880 ||| INVOKING Berserk.
 28026 | Orc:1    | 28026 ||| Stepping ~*~*~tactically~*~*~ (stealth).
 28072 | Orc:1    | 28072 ||| Stepping ~*~*~tactically~*~*~ (hiding).
 28073 | Orc:1    | 28073 ||| Stepping ~*~*~tactically~*~*~ (hiding).
 28257 | Orc:1    | 28257 ||| Stepping ~*~*~tactically~*~*~ (hiding).
 28258 | Orc:1    | 28258 ||| Stepping ~*~*~tactically~*~*~ (hiding).
 28477 | Orc:2    | 28477 ||| RIP BAZAAR
 28524 | Orc:1    | 28524 ||| Stepping ~*~*~tactically~*~*~ (hiding).
 28530 | Orc:1    | 28530 ||| Stepping ~*~*~tactically~*~*~ (stealth).
 28544 | Orc:1    | 28544 ||| INVOKING Berserk.
 28718 | Orc:1    | 28718 ||| PLANNING SPIDER:1-3
 28882 | Spider:1 | Entered Level 1 of the Spider Nest
 28896 | Spider:1 | 28896 ||| INVOKING Brothers in Arms.
 28901 | Spider:1 | 28901 ||| INVOKING Berserk.
 28916 | Spider:1 | 28916 ||| INVOKING Brothers in Arms.
 30113 | Spider:1 | 30113 ||| DROPPING ring of protection from cold.
 30114 | Spider:1 | 30114 ||| DROPPING ring of positive energy.
 30115 | Spider:1 | 30115 ||| DROPPING ring of see invisible.
 30116 | Spider:1 | 30116 ||| READING scroll labelled TAODWO SONIGG.
 30117 | Spider:1 | 30117 ||| DRINKING 2 amethyst potions.
 30118 | Spider:1 | 30118 ||| DROPPING potion of magic.
 30320 | Spider:2 | Found the dreamshard necklace {*Dream Drain}
 30331 | Spider:2 | 30331 ||| Stepping ~*~*~tactically~*~*~ (hiding).
 30427 | Spider:2 | 30427 ||| Stepping ~*~*~tactically~*~*~ (stealth).
 30444 | Spider:2 | Noticed Arachne
 30445 | Spider:2 | 30445 ||| Stepping ~*~*~tactically~*~*~ (stealth).
 30446 | Spider:2 | 30446 ||| INVOKING Berserk.
 30459 | Spider:2 | HP: 55/226 [poisoned by Arachne (poison arrow)]
 30461 | Spider:2 | 30461 ||| Stepping ~*~*~tactically~*~*~ (hiding).
 30463 | Spider:2 | 30463 ||| READING 8 scrolls of teleportation.
 30464 | Spider:2 | 30464 ||| DRINKING 9 potions of heal wounds.
 30465 | Spider:2 | 30465 ||| Stepping ~*~*~tactically~*~*~ (stealth).
 30466 | Spider:2 | 30466 ||| Stepping ~*~*~tactically~*~*~ (stealth).
 30476 | Spider:2 | HP: 35/151 [steelbarb worm (7)]
 30477 | Spider:2 | 30477 ||| READING 7 scrolls of teleportation.
 30478 | Spider:2 | 30478 ||| DRINKING 8 potions of heal wounds.
 30558 | Spider:2 | 30558 ||| Stepping ~*~*~tactically~*~*~ (stealth).
 30741 | Spider:2 | 30741 ||| Stepping ~*~*~tactically~*~*~ (stealth).
 30744 | Spider:2 | 30744 ||| INVOKING Berserk.
 30753 | Spider:2 | Killed Arachne
 30827 | Spider:2 | Reached skill level 18 in Shields
 30829 | Spider:2 | 30829 ||| DRINKING 11 potions of curing.
 30829 | Spider:2 | 30829 ||| (to cure confusion)
 30849 | Spider:2 | 30849 ||| Stepping ~*~*~tactically~*~*~ (stealth).
 30902 | Spider:2 | 30902 ||| Stepping ~*~*~tactically~*~*~ (stealth).
 30916 | Spider:2 | 30916 ||| Stepping ~*~*~tactically~*~*~ (stealth).
 30917 | Spider:2 | 30917 ||| Stepping ~*~*~tactically~*~*~ (stealth).
 31323 | Spider:3 | 31323 ||| Stepping ~*~*~tactically~*~*~ (stealth).
 31324 | Spider:3 | 31324 ||| INVOKING Brothers in Arms.
 31330 | Spider:3 | 31330 ||| INVOKING Berserk.
 31352 | Spider:3 | 31352 ||| INVOKING Brothers in Arms.
 31400 | Spider:3 | 31400 ||| FLEEEEING.
 31614 | Spider:3 | 31614 ||| Stepping ~*~*~tactically~*~*~ (stealth).
 31639 | Spider:3 | 31639 ||| Stepping ~*~*~tactically~*~*~ (stealth).
 31724 | Spider:3 | Noticed Aizul
 31725 | Spider:3 | 31725 ||| INVOKING Trog's Hand.
 31727 | Spider:3 | 31727 ||| INVOKING Berserk.
 31737 | Spider:3 | Killed Aizul
 31878 | Spider:3 | 31878 ||| Stepping ~*~*~tactically~*~*~ (stealth).
 31882 | Spider:3 | 31882 ||| Stepping ~*~*~tactically~*~*~ (stealth).
 31936 | Spider:3 | 31936 ||| INVOKING Brothers in Arms.
 31943 | Spider:3 | 31943 ||| INVOKING Berserk.
 32007 | Spider:3 | 32007 ||| Stepping ~*~*~tactically~*~*~ (stealth).
 32008 | Spider:3 | 32008 ||| Stepping ~*~*~tactically~*~*~ (stealth).
 32041 | Spider:3 | 32041 ||| Stepping ~*~*~tactically~*~*~ (stealth).
 32044 | Spider:3 | 32044 ||| INVOKING Berserk.
 32208 | Spider:3 | 32208 ||| Stepping ~*~*~tactically~*~*~ (stealth).
 32450 | Spider:3 | Found a hide-covered altar of Uskayaw.
 32644 | Spider:3 | 32644 ||| INVOKING Berserk.
 32793 | Spider:3 | Identified the +1 cloak of Words of Power {rElec rF- Int+3}
 33078 | Spider:3 | 33078 ||| PLANNING SHOALS:1-3
 33078 | Spider:3 | 33078 ||| DROPPING ring of resist corrosion.
 33213 | Shoals:1 | Entered Level 1 of the Shoals
 33295 | Shoals:1 | 33295 ||| Stepping ~*~*~tactically~*~*~ (hiding).
 33297 | Shoals:1 | 33297 ||| Stepping ~*~*~tactically~*~*~ (hiding).
 33331 | Shoals:1 | 33331 ||| Stepping ~*~*~tactically~*~*~ (stealth).
 33372 | Shoals:1 | 33372 ||| Stepping ~*~*~tactically~*~*~ (stealth).
 33465 | Shoals:1 | Found the +5 robe of Night {Dark Will+ SInv}
 33481 | Shoals:1 | 33481 ||| INVOKING Berserk.
 33672 | Shoals:1 | 33672 ||| READING scroll of enchant armour.
 33672 | Shoals:1 | 33672 ||| ENCHANTING +4 plate armour of cold resistance.
 33826 | Shoals:1 | Noticed a kraken
 33829 | Shoals:1 | 33829 ||| INVOKING Berserk.
 33843 | Shoals:1 | Killed a kraken
 33844 | Shoals:1 | Reached XP level 17. HP: 161/161 MP: 16/16
 33909 | Shoals:1 | 33909 ||| Stepping ~*~*~tactically~*~*~ (stealth).
 33914 | Shoals:1 | 33914 ||| Stepping ~*~*~tactically~*~*~ (stealth).
 33987 | Shoals:2 | 33987 ||| Stepping ~*~*~tactically~*~*~ (water).
 34032 | Shoals:2 | 34032 ||| INVOKING Berserk.
 34152 | Shoals:2 | 34152 ||| INVOKING Trog's Hand.
 34153 | Shoals:2 | 34153 ||| INVOKING Brothers in Arms.
 34158 | Shoals:2 | 34158 ||| INVOKING Berserk.
 34285 | Shoals:2 | 34285 ||| INVOKING Trog's Hand.
 34288 | Shoals:2 | 34288 ||| INVOKING Berserk.
 34410 | Shoals:2 | 34410 ||| INVOKING Trog's Hand.
 34416 | Shoals:2 | 34416 ||| INVOKING Berserk.
 34537 | Shoals:2 | 34537 ||| INVOKING Berserk.
 34753 | Shoals:2 | Identified the +5 hand axe of Fuyshryhuq {vorpal, Int+2}
 35167 | Shoals:3 | 35167 ||| INVOKING Berserk.
 35334 | Shoals:3 | 35334 ||| FLEEEEING.
 35445 | Shoals:3 | 35445 ||| Stepping ~*~*~tactically~*~*~ (hiding).
 35447 | Shoals:3 | 35447 ||| INVOKING Berserk.
 35603 | Shoals:3 | 35603 ||| Stepping ~*~*~tactically~*~*~ (stealth).
 35605 | Shoals:3 | 35605 ||| Stepping ~*~*~tactically~*~*~ (stealth).
 35606 | Shoals:3 | 35606 ||| Stepping ~*~*~tactically~*~*~ (stealth).
 35622 | Shoals:3 | 35622 ||| Stepping ~*~*~tactically~*~*~ (stealth).
 35708 | Shoals:3 | 35708 ||| Stepping ~*~*~tactically~*~*~ (hiding).
 35709 | Shoals:3 | 35709 ||| Stepping ~*~*~tactically~*~*~ (hiding).
 35711 | Shoals:3 | 35711 ||| Stepping ~*~*~tactically~*~*~ (hiding).
 35987 | Shoals:3 | 35987 ||| Stepping ~*~*~tactically~*~*~ (water).
 36125 | Shoals:3 | 36125 ||| Stepping ~*~*~tactically~*~*~ (hiding).
 36128 | Shoals:3 | 36128 ||| INVOKING Berserk.
 36468 | Shoals:2 | Identified the +1 hat "Omisec" {rN+ Dex+2}
 36517 | Shoals:2 | 36517 ||| PLANNING SPIDER:4
 36517 | Shoals:2 | 36517 ||| UPGRADING to +1 hat "Omisec" {rN+ Dex+2}.
 36522 | Shoals:2 | 36522 ||| DROPPING +1 hat.
 36715 | Spider:4 | Entered Level 4 of the Spider Nest
 36716 | Spider:4 | 36716 ||| STAIRDANCE
 36735 | Spider:4 | 36735 ||| STAIRDANCE
 37017 | Spider:4 | Reached skill level 18 in Fighting
 37037 | Spider:4 | 37037 ||| Stepping ~*~*~tactically~*~*~ (stealth).
 37050 | Spider:4 | 37050 ||| INVOKING Berserk.
 37063 | Spider:4 | 37063 ||| Stepping ~*~*~tactically~*~*~ (stealth).
 37064 | Spider:4 | 37064 ||| Stepping ~*~*~tactically~*~*~ (stealth).
 37226 | Spider:4 | 37226 ||| Stepping ~*~*~tactically~*~*~ (hiding).
 37228 | Spider:4 | 37228 ||| INVOKING Brothers in Arms.
 37229 | Spider:4 | 37229 ||| INVOKING Brothers in Arms.
 37232 | Spider:4 | 37232 ||| INVOKING Brothers in Arms.
 37323 | Spider:4 | 37323 ||| Stepping ~*~*~tactically~*~*~ (hiding).
 37422 | Spider:4 | 37422 ||| Stepping ~*~*~tactically~*~*~ (hiding).
 37426 | Spider:4 | 37426 ||| INVOKING Brothers in Arms.
 37442 | Spider:4 | 37442 ||| FLEEEEING.
 37450 | Spider:4 | 37450 ||| FLEEEEING.
 37451 | Spider:4 | 37451 ||| FLEEEEING.
 37453 | Spider:4 | 37453 ||| STAIRDANCE
 37464 | Spider:4 | 37464 ||| STAIRDANCE
 37581 | Spider:4 | 37581 ||| INVOKING Berserk.
 37592 | Spider:4 | 37592 ||| Stepping ~*~*~tactically~*~*~ (hiding).
 37593 | Spider:4 | 37593 ||| INVOKING Brothers in Arms.
 37607 | Spider:4 | 37607 ||| INVOKING Brothers in Arms.
 37616 | Spider:4 | 37616 ||| INVOKING Brothers in Arms.
 37630 | Spider:4 | 37630 ||| INVOKING Berserk.
 37648 | Spider:4 | 37648 ||| INVOKING Brothers in Arms.
 37649 | Spider:4 | 37649 ||| INVOKING Brothers in Arms.
 37658 | Spider:4 | 37658 ||| INVOKING Brothers in Arms.
 37659 | Spider:4 | 37659 ||| INVOKING Brothers in Arms.
 37660 | Spider:4 | 37660 ||| INVOKING Brothers in Arms.
 37661 | Spider:4 | 37661 ||| INVOKING Brothers in Arms.
 37662 | Spider:4 | 37662 ||| INVOKING Brothers in Arms.
 37663 | Spider:4 | 37663 ||| INVOKING Brothers in Arms.
 37664 | Spider:4 | 37664 ||| INVOKING Brothers in Arms.
 37665 | Spider:4 | 37665 ||| INVOKING Brothers in Arms.
 37666 | Spider:4 | 37666 ||| INVOKING Brothers in Arms.
 37682 | Spider:4 | Reached skill level 18 in Armour
 37687 | Spider:4 | HP: 40/163 [demonic crawler (3)]
 37688 | Spider:4 | 37688 ||| READING 9 scrolls of teleportation.
 37688 | Spider:4 | HP: 16/163 [emperor scorpion (17)]
 37688 | Spider:4 | HP: 7/163 [emperor scorpion (9)]
 37689 | Spider:4 | 37689 ||| DRINKING 7 potions of heal wounds.
 37690 | Spider:4 | 37690 ||| DRINKING 6 potions of heal wounds.
 37691 | Spider:4 | 37691 ||| DRINKING 5 potions of heal wounds.
 37693 | Spider:4 | HP: 37/163 [poisoned by an emperor scorpion]
 37694 | Spider:4 | 37694 ||| READING 8 scrolls of teleportation.
 37695 | Spider:4 | 37695 ||| DRINKING 4 potions of heal wounds.
 37696 | Spider:4 | 37696 ||| Stepping ~*~*~tactically~*~*~ (water).
 37697 | Spider:4 | 37697 ||| DRINKING 3 potions of heal wounds.
 38190 | Spider:4 | 38190 ||| Stepping ~*~*~tactically~*~*~ (stealth).
 38191 | Spider:4 | 38191 ||| Stepping ~*~*~tactically~*~*~ (stealth).
 38192 | Spider:4 | 38192 ||| INVOKING Brothers in Arms.
 38233 | Spider:4 | 38233 ||| Stepping ~*~*~tactically~*~*~ (stealth).
 38245 | Spider:4 | 38245 ||| Stepping ~*~*~tactically~*~*~ (stealth).
 38246 | Spider:4 | 38246 ||| INVOKING Berserk.
 38289 | Spider:4 | Reached XP level 18. HP: 173/173 MP: 6/17
 38295 | Spider:4 | 38295 ||| Stepping ~*~*~tactically~*~*~ (stealth).
 38296 | Spider:4 | 38296 ||| Stepping ~*~*~tactically~*~*~ (stealth).
 38304 | Spider:4 | 38304 ||| DROPPING +0 demon whip of venom.
 38334 | Spider:4 | 38334 ||| INVOKING Berserk.
 38441 | Spider:4 | Got a gossamer rune of Zot
 38515 | Spider:4 | 38515 ||| PLANNING VAULTS:1-4
 38801 | Vaults:1 | Entered Level 1 of the Vaults
 38804 | Vaults:1 | 38804 ||| INVOKING Berserk.
 38868 | Vaults:1 | 38868 ||| Stepping ~*~*~tactically~*~*~ (hiding).
 38869 | Vaults:1 | 38869 ||| Stepping ~*~*~tactically~*~*~ (hiding).
 38870 | Vaults:1 | 38870 ||| Stepping ~*~*~tactically~*~*~ (hiding).
 38879 | Vaults:1 | 38879 ||| Stepping ~*~*~tactically~*~*~ (hiding).
 38881 | Vaults:1 | 38881 ||| Stepping ~*~*~tactically~*~*~ (hiding).
 38982 | Vaults:1 | Reached skill level 9 in Throwing
 39097 | Vaults:1 | Found Atyij's Book Shoppe.
 39221 | Vaults:1 | 39221 ||| INVOKING Trog's Hand.
 39265 | Vaults:1 | 39265 ||| Stepping ~*~*~tactically~*~*~ (hiding).
 39311 | Vaults:1 | 39311 ||| INVOKING Trog's Hand.
 39757 | Vaults:1 | 39757 ||| Stepping ~*~*~tactically~*~*~ (hiding).
 39772 | Vaults:1 | 39772 ||| INVOKING Trog's Hand.
 39787 | Vaults:1 | Reached skill level 12 in Dodging
 40429 | Vaults:1 | 40429 ||| DROPPING +1 pair of gloves.
 40472 | Vaults:2 | Noticed Saint Roka
 40480 | Vaults:2 | 40480 ||| INVOKING Brothers in Arms.
 40481 | Vaults:2 | 40481 ||| INVOKING Berserk.
 40491 | Vaults:2 | Killed Saint Roka
 40502 | Vaults:2 | 40502 ||| INVOKING Trog's Hand.
 40842 | Vaults:2 | 40842 ||| Stepping ~*~*~tactically~*~*~ (hiding).
 41137 | Vaults:2 | 41137 ||| Stepping ~*~*~tactically~*~*~ (hiding).
 41316 | Vaults:2 | 41316 ||| Stepping ~*~*~tactically~*~*~ (stealth).
 41321 | Vaults:2 | 41321 ||| Stepping ~*~*~tactically~*~*~ (hiding).
 41354 | Vaults:2 | 41354 ||| INVOKING Trog's Hand.
 41355 | Vaults:2 | Identified the amulet of Awnul {RegenMP Str+5 SInv}
 41362 | Vaults:2 | Received a gift from Trog
 41391 | Vaults:2 | 41391 ||| Stepping ~*~*~tactically~*~*~ (stealth).
 41392 | Vaults:2 | 41392 ||| FLEEEEING.
 41424 | Vaults:2 | 41424 ||| INVOKING Berserk.
 41430 | Vaults:2 | HP: 60/264 [ironbound frostheart/creeping frost (9)]
 41434 | Vaults:2 | Reached XP level 19. HP: 64/184 MP: 18/18
 41436 | Vaults:2 | HP: 43/276 [vault sentinel/+0 long sword (6)]
 41441 | Vaults:2 | HP: 31/276 [poisoned by a vault warden]
 41446 | Vaults:2 | HP: 16/277 [poisoned by a vault warden]
 41451 | Vaults:2 | HP: 7/277 [poisoned by a vault warden]
 41456 | Vaults:2 | HP: 4/277 [poisoned by a vault warden]
 41458 | Vaults:2 | HP: 1/277 [orc warrior/+0 glaive[an orc knight] (3)]
 41462 | Vaults:2 | Succumbed to a vault warden's poison

Levels and vault maps discovered:
D:1:      lightli_arrival_chessboard, layout_basic,
          shapermc_ecumenical_altar_mp_urbaneastern
D:2:      layout_basic, kennysheep_generic_room_5
D:3:      layout_basic
D:4:      layout_cave_pools, minmay_overflow_temple_star_hex, serial_shops,
          nicolae_shop_overgrown_old_shop, nicolae_shop_waterfront, shop, shop,
          shop, kennysheep_small_square
D:5:      minmay_skewed_foursquare, layout_gridville, temple_green,
          grunt_ministairs_14
D:6:      layout_basic, minmay_manual_mail, uniq_eustachio
D:7:      layout_basic, minmay_bent, uniq_prince_ribbit1
D:8:      layout_cave_pools
D:9:      layout_small_grid, david_lair_shrubbed, nicolae_stop_n_shop_2,
          uniq_erolcha, uniq_psyche
D:10:     layout_loops_corners, erik_orc_3, nrook_campfire, st_stairs_7
D:11:     layout_cave_pools, nicolae_qazlal_style_of_elements, uniq_amaemon
D:12:     layout_loops_ring, portal_ice_cave_entry_pillars_1,
          hellmonk_guarded_unrand_salamander
D:13:     layout_irregular_city, minmay_shop_chei, fedhas_altar_3
D:14:     dragon1_lemuel, layout_long_grid, grunt_vaults_entry_fortified,
          minmay_misc_feat_doors
D:15:     gammafunk_enter_depths_forms, layout_basic,
          minmay_misc_feat_diagonals, serial_rivers,
          chequers_serial_rivers_room_b, chequers_serial_rivers_micro_a,
          chequers_serial_rivers_micro_a, chequers_serial_rivers_room_a,
          chequers_serial_rivers_micro_d, chequers_serial_rivers_room_b,
          uniq_louise, uniq_roxanne
Lair:1:   layout_cave_shapes, beast_lair_carwin_8, uniq_fannar
Lair:2:   nzn_winding_woodlands_stair_trap
          [nzn_winding_woodlands_5x15_split_checker,
          nzn_winding_woodlands_5x15_jagged,
          nzn_winding_woodlands_5x15_lazy_stream,
          nzn_winding_woodlands_15x15_five_gardens,
          nzn_winding_woodlands_5x15_garden,
          nzn_winding_woodlands_5x15_sidewinder,
          nzn_winding_woodlands_5x15_crooked], layout_gridlike,
          elwin_shoals_entry_rocks, nicolae_spider_entry_tight_spaces
Lair:3:   layout_regular_city, grunt_megastairs_5, infiniplex_staircase_pool
Lair:4:   layout_gridlike, lemuel_old_faithful
Lair:5:   hellmonk_lair_end_abyssal_woods, layout_misc_corridors, slime_entry_1,
          disabler_island, uniq_kirke
Shoals:1: layout_shoals
Shoals:2: layout_shoals, nicolae_shoals_hidden_pirate_stash
Shoals:3: layout_shoals
Spider:1: layout_chambers
Spider:2: layout_spider_delve, drop_trap, nicolae_spider_eight_legs,
          uniq_arachne
Spider:3: layout_cave_pods, special_room [special_room_bee],
          nicolae_spider_altar_of_dancing, uniq_aizul
Spider:4: guppyfry_spider_rune
Orc:1:    layout_diamond_mine
Orc:2:    st_orc_elflike, layout_caves, serial_shops, bzr_firewalk
Vaults:1: vaults_room_door_hall, v_alt_pattern_3,
          vaults_room_grunt_arrival_checkpoint, v_misc_9,
          vaults_standard_mumra_x, vaults_room_pools, layout_vaults_quadrants,
          serial_shops, shop
Vaults:2: nicolae_vaults_triangles, v_rooms_2, v_misc_26,
          nicolae_vaults_mini_display_case, nicolae_vaults_stairing_the_circle,
          vaults_room_stairs_pillars, nicolae_vaults_border_crossing,
          nicolae_vaults_rhombus_5, vaults_room_semicircle,
          layout_vaults_omnibox, uniq_saint_roka

Skill      XL: |  1  2  3  4  5  6  7  8  9 10 11 12 13 14 15 16 17 18 19 |
---------------+----------------------------------------------------------+-----
Axes           | 4 5 6 7 9 10 12 14 16 18 | 18.0
Shields        | 2 4 5 6 7 9 10 11 13 14 16 19 20 | 20.5
Armour         | 3 5 6 8 9 10 12 14 15 16 18 19 | 19.0
Fighting       | 4 6 7 8 9 11 13 15 16 17 18 19 20 | 20.0
Dodging        | 3 4 5 6 8 9 11 12 | 12.0
Throwing       | 2 6 7 8 11 | 11.0

Action                   |  1- 3 |  4- 6 |  7- 9 | 10-12 | 13-15 | 16-18 | 19-21 || total
-------------------------+-------+-------+-------+-------+-------+-------+-------++-------
Melee: Hand axe          |    93 |   119 |       |       |       |       |       ||   212
       Headbutt          |    16 |     7 |    33 |    97 |   215 |   322 |     7 ||   697
       War axe           |       |     8 |   190 |       |       |       |       ||   198
       Broad axe         |       |       |     9 |   399 |   789 |  1263 |    28 ||  2488
       Flail             |       |       |       |    32 |     9 |       |       ||    41
       Demon whip        |       |       |       |       |    29 |       |       ||    29
Throw: Boomerang         |     9 |    39 |     2 |     2 |     5 |    96 |       ||   153
       Javelin           |       |       |       |       |    88 |    55 |       ||   143
Invok: Berserk           |     1 |     4 |    12 |    20 |    29 |    28 |       ||    94
       Brothers in Arms  |       |       |       |     2 |     8 |    16 |       ||    26
       Trog's Hand       |       |       |       |     1 |     5 |    10 |       ||    16
  Use: Scroll            |     8 |     2 |    12 |     6 |     4 |     8 |       ||    40
       Potion            |     1 |     1 |     2 |     1 |     1 |     9 |       ||    15
 Stab: Distracted        |       |       |       |     1 |     1 |     3 |       ||     5
Armor: Animal skin       |    11 |       |       |       |       |       |       ||    11
       Scale mail        |    20 |    32 |       |       |       |       |       ||    52
       Plate armour      |       |    77 |    92 |   224 |   318 |   540 |     7 ||  1258
Dodge: Dodged            |    34 |    28 |    38 |    90 |   172 |   346 |    11 ||   719
Block: Kite shield       |     4 |    56 |    92 |   233 |   462 |       |       ||   847
       Tower shield      |       |       |       |       |    83 |  1590 |    34 ||  1707
       Reflection        |       |       |       |       |    49 |   126 |     2 ||   177

Table legend:
 A = Non-vault XP
 B = Vault XP
 C = Vault XP percentage of total XP
 D = Non-vault monster count
 E = Vault monster count
 F = Vault count percentage of total count
                 A         B        C        D         E       F
            +---------+---------+-------+---------+---------+-------
      Total |  270927 |  115863 |  30.0 |     897 |     304 |  25.3
            +---------+---------+-------+---------+---------+-------
        D:1 |      49 |       0 |   0.0 |      28 |       0 |   0.0
        D:2 |      25 |       1 |   3.8 |      12 |       1 |   7.7
        D:3 |     132 |       0 |   0.0 |      28 |       0 |   0.0
        D:4 |     610 |       4 |   0.7 |      36 |       2 |   5.3
        D:5 |     715 |     188 |  20.8 |      15 |       3 |  16.7
        D:6 |     910 |     288 |  24.0 |      13 |       4 |  23.5
        D:7 |    1527 |     713 |  31.8 |      23 |       8 |  25.8
        D:8 |    1386 |       0 |   0.0 |      22 |       0 |   0.0
        D:9 |    1116 |    1637 |  59.5 |      27 |       3 |  10.0
       D:10 |    2753 |    1560 |  36.2 |      23 |      20 |  46.5
       D:11 |    9480 |    1196 |  11.2 |      38 |       2 |   5.0
       D:12 |    1821 |    3292 |  64.4 |       7 |       6 |  46.2
       D:13 |    8301 |       0 |   0.0 |      30 |       0 |   0.0
       D:14 |   12151 |    6888 |  36.2 |      27 |      11 |  28.9
       D:15 |   10436 |    8113 |  43.7 |      19 |      12 |  38.7
     Lair:1 |    4540 |    3006 |  39.8 |      20 |       8 |  28.6
     Lair:2 |    3175 |    7839 |  71.2 |      15 |      26 |  63.4
     Lair:3 |    8583 |     784 |   8.4 |      33 |       2 |   5.7
     Lair:4 |    5803 |       0 |   0.0 |      23 |       0 |   0.0
     Lair:5 |   20475 |   14539 |  41.5 |      46 |      46 |  50.0
   Shoals:1 |   12477 |       0 |   0.0 |      27 |       0 |   0.0
   Shoals:2 |   15381 |     767 |   4.7 |      30 |       1 |   3.2
   Shoals:3 |   12717 |       0 |   0.0 |      29 |       0 |   0.0
   Spider:1 |    3816 |       0 |   0.0 |       9 |       0 |   0.0
   Spider:2 |    8070 |    5895 |  42.2 |      27 |       9 |  25.0
   Spider:3 |   22189 |    5870 |  20.9 |      44 |      34 |  43.6
   Spider:4 |   24023 |   19515 |  44.8 |      60 |      36 |  37.5
      Orc:1 |    3787 |       0 |   0.0 |      33 |       0 |   0.0
      Orc:2 |    5088 |    8019 |  61.2 |      44 |      23 |  34.3
   Vaults:1 |   26475 |    9320 |  26.0 |      47 |      12 |  20.3
   Vaults:2 |   42916 |   16429 |  27.7 |      62 |      35 |  36.1
            +---------+---------+-------+---------+---------+-------
